[Event "ICC Open 2015"]
[Site "Internet Chess Club"]
[Date "2015.05.30"]
[Round "2"]
[White "Linkmus"]
[Black "zelog"]
[Result "1-0"]
[ICCResult "Black resigns"]
[WhiteElo "2705"]
[BlackElo "2066"]
[Opening "Benkö gambit: main line"]
[ECO "A59"]
[NIC "BI.45"]
[Time "14:15:23"]
[TimeControl "180+0"]

1. d4 Nf6 2. c4 c5 3. d5 b5 4. cxb5 a6 5. bxa6 Bxa6 6. Nc3 d6 7. e4 Bxf1 8.
Kxf1 g6 9. Nf3 Bg7 10. g3 O-O 11. Kg2 Nbd7 12. a4 Ra6 13. Qc2 Qa8 14. Ra3 e6
15. dxe6 fxe6 16. Re1 d5 17. exd5 exd5 18. Nb5 Qc6 19. Ng5 d4+ 20. Rf3 Qd5
21. Nc7 Qb7 22. Qc4+ Kh8 23. Nxa6 Ng4 24. Nf7+ Rxf7 25. Qxf7 Nge5 26. Qe8+
Nf8 27. Rxe5 {Black resigns} 1-0

[Event "ICC Open 2015"]
[Site "Internet Chess Club"]
[Date "2015.05.30"]
[Round "2"]
[White "DreamCrusher"]
[Black "CBA321"]
[Result "1-0"]
[ICCResult "Black checkmated"]
[WhiteElo "1832"]
[BlackElo "1536"]
[Opening "Bird's opening"]
[ECO "A02"]
[NIC "VO.07"]
[Time "14:15:01"]
[TimeControl "180+0"]

1. f4 Nc6 2. Nf3 Nf6 3. g3 d5 4. Bg2 Bf5 5. O-O e6 6. d3 Bc5+ 7. e3 O-O 8.
c3 Nd7 9. Nh4 Bg6 10. Nxg6 hxg6 11. d4 Bd6 12. e4 dxe4 13. Bxe4 Nf6 14. Qd3
Nxe4 15. Qxe4 Qf6 16. Be3 Qf5 17. Qf3 Qd5 18. Qf2 Na5 19. b3 b6 20. Nd2 c5
21. c4 Qc6 22. dxc5 Bxc5 23. Bxc5 Qxc5 24. Qxc5 bxc5 25. Ne4 Rac8 26. Rad1
Rc6 27. Rd7 a6 28. Rfd1 Kh7 29. h4 f5 30. Ng5+ Kg8 31. Re7 Nxb3 32. axb3 Rb6
33. Rdd7 Rfb8 34. Rxg7+ Kf8 35. Rdf7+ Ke8 36. Rg8# {Black checkmated} 1-0

[Event "ICC Open 2015"]
[Site "Internet Chess Club"]
[Date "2015.05.30"]
[Round "2"]
[White "kurumania"]
[Black "mikerahal"]
[Result "1-0"]
[ICCResult "Black resigns"]
[WhiteElo "2779"]
[BlackElo "2171"]
[Opening "Queen's pawn: Keres defense"]
[ECO "A40"]
[NIC "QO.17"]
[Time "14:15:05"]
[TimeControl "180+0"]

1. d4 e6 2. c4 b6 3. a3 Bb7 4. Nc3 Nf6 5. d5 exd5 6. cxd5 b5 7. e4 b4 8.
axb4 Bxb4 9. Bd3 O-O 10. Ne2 d6 11. O-O Nbd7 12. Ng3 Bxc3 13. bxc3 a5 14.
Nf5 Re8 15. Bg5 Qb8 16. Rb1 Qa7 17. Re1 a4 18. Re3 {Black resigns} 1-0

[Event "ICC Open 2015"]
[Site "Internet Chess Club"]
[Date "2015.05.30"]
[Round "2"]
[White "VictorRed"]
[Black "Pantani"]
[Result "0-1"]
[ICCResult "White resigns"]
[WhiteElo "1782"]
[BlackElo "2997"]
[Opening "Queen's pawn game, Darooha variation "]
[ECO "D02"]
[NIC "QP.08"]
[Time "14:16:24"]
[TimeControl "180+0"]

1. d4 d5 2. Nf3 Nf6 3. Nc3 c6 4. Bf4 Bf5 5. g3 e6 6. Bg2 Nbd7 7. O-O Be7 8.
Re1 O-O 9. Ne5 h6 10. Nxd7 Qxd7 11. e4 dxe4 12. Nxe4 Rad8 13. c3 Bxe4 14.
Bxe4 c5 15. dxc5 Qxd1 16. Raxd1 Rxd1 {White resigns} 0-1

[Event "ICC Open 2015"]
[Site "Internet Chess Club"]
[Date "2015.05.30"]
[Round "2"]
[White "Machinegun"]
[Black "ILYMJPDL"]
[Result "1-0"]
[ICCResult "Black checkmated"]
[WhiteElo "2513"]
[BlackElo "1987"]
[Opening "Sicilian defense"]
[ECO "B32"]
[NIC "SI.31"]
[Time "14:15:32"]
[TimeControl "180+0"]

1. e4 c5 2. Nf3 Nc6 3. d4 cxd4 4. c3 e5 5. cxd4 exd4 6. Bc4 Bb4+ 7. Nbd2 d6
8. a3 Ba5 9. b4 Bb6 10. Qb3 Qe7 11. O-O Nf6 12. Bb2 O-O 13. Rfe1 Be6 14. e5
Bxc4 15. Nxc4 dxe5 16. Nfxe5 Nxe5 17. Rxe5 Qd7 18. Rd1 Rad8 19. h3 Rfe8 20.
Nxb6 axb6 21. Rxd4 Qc8 22. Rxd8 Rxd8 23. Re7 Rf8 24. Bxf6 gxf6 25. Qg3+ Kh8
26. Rc7 Qa8 27. Qd6 Rd8 28. Qxf6+ Kg8 29. Qxf7+ Kh8 30. Qg7# {Black
checkmated} 1-0

[Event "ICC Open 2015"]
[Site "Internet Chess Club"]
[Date "2015.05.30"]
[Round "2"]
[White "Ricardov"]
[Black "Danya"]
[Result "0-1"]
[ICCResult "White checkmated"]
[WhiteElo "2321"]
[BlackElo "3069"]
[Opening "Trompowsky attack (Ruth, Opocenský opening)"]
[ECO "A45"]
[NIC "QP.07"]
[Time "14:16:12"]
[TimeControl "180+0"]

1. d4 Nf6 2. Bg5 Ne4 3. Bf4 Nc6 4. f3 Nf6 5. d5 e5 6. Bg3 Ne7 7. e4 Ng6 8.
Nh3 Bc5 9. Nf2 Nh5 10. Nd3 Nxg3 11. hxg3 Bb6 12. Nd2 Qg5 13. g4 h5 14. gxh5
Qg3+ 15. Ke2 Nf4+ 16. Nxf4 Qf2+ 17. Kd3 Qd4+ 18. Ke2 Qe3# {White checkmated}
0-1

[Event "ICC Open 2015"]
[Site "Internet Chess Club"]
[Date "2015.05.30"]
[Round "2"]
[White "Bozhenka"]
[Black "gmgattass"]
[Result "1-0"]
[ICCResult "Black resigns"]
[WhiteElo "3106"]
[BlackElo "2329"]
[Opening "Réti opening"]
[ECO "A13"]
[NIC "QP.11"]
[Time "14:15:11"]
[TimeControl "180+0"]

1. Nf3 e6 2. c4 d6 3. d4 c6 4. Nc3 f6 5. e4 g6 6. Bd3 Bg7 7. h4 h6 8. e5 f5
9. exd6 Qxd6 10. g3 Nd7 11. Bf4 e5 12. dxe5 Nxe5 13. Nxe5 Bxe5 14. Qe2 Rh7
15. Bxe5 Qe6 16. O-O-O Bd7 17. Rhe1 O-O-O 18. Qc2 b6 19. Bf4 Qf7 20. c5 Kb7
21. Qb3 Qxb3 22. axb3 Ne7 23. Bc4 g5 24. hxg5 hxg5 25. Bxg5 {Black resigns}
1-0

[Event "ICC Open 2015"]
[Site "Internet Chess Club"]
[Date "2015.05.30"]
[Round "2"]
[White "PerMag"]
[Black "JAscorpio"]
[Result "1-0"]
[ICCResult "Black checkmated"]
[WhiteElo "1727"]
[BlackElo "1171"]
[Opening "French: exchange variation"]
[ECO "C01"]
[NIC "FR.01"]
[Time "14:15:49"]
[TimeControl "180+0"]

1. e4 e6 2. d4 d5 3. exd5 exd5 4. Nf3 Be6 5. Bd3 c5 6. c3 Qb6 7. Qe2 Nc6 8.
Be3 O-O-O 9. O-O Bd6 10. Na3 a6 11. dxc5 Bxc5 12. Bxc5 Qxc5 13. Ng5 Qe7 14.
Rfe1 Qxg5 15. Rad1 h5 16. b4 Qh4 17. Qe3 Qg4 18. b5 Nb8 19. bxa6 Nxa6 20.
Bxa6 bxa6 21. Qc5+ Kd7 22. Qa7+ Ke8 23. Qxa6 h4 24. Qc6+ Kf8 25. Nb5 Ne7 26.
Qc7 h3 27. Qxd8# {Black checkmated} 1-0

[Event "ICC Open 2015"]
[Site "Internet Chess Club"]
[Date "2015.05.30"]
[Round "2"]
[White "born2die"]
[Black "noyb"]
[Result "0-1"]
[ICCResult "White forfeits on time"]
[WhiteElo "1661"]
[BlackElo "1985"]
[Opening "Caro-Kann defense"]
[ECO "B10"]
[NIC "CK.01"]
[Time "14:15:05"]
[TimeControl "180+0"]

1. e4 c6 2. f4 d5 3. d3 dxe4 4. dxe4 Qxd1+ 5. Kxd1 Nf6 6. e5 Nd5 7. Bd3 Bg4+
8. Nf3 e6 9. c4 Nb4 10. Be4 Nd7 11. a3 Na6 12. b4 Be7 13. Be3 O-O 14. Nc3
Nb6 15. Bxb6 axb6 16. Kc2 Rfd8 17. Rhd1 Nc7 18. h3 Bf5 19. Bxf5 exf5 20. g4
fxg4 21. hxg4 Ne6 22. f5 Ng5 23. Nxg5 Bxg5 24. Rxd8+ Rxd8 25. Rd1 Rxd1 26.
Nxd1 Bf4 {White forfeits on time} 0-1

[Event "ICC Open 2015"]
[Site "Internet Chess Club"]
[Date "2015.05.30"]
[Round "2"]
[White "akibael"]
[Black "ehkopean"]
[Result "1-0"]
[ICCResult "Black resigns"]
[WhiteElo "2406"]
[BlackElo "1733"]
[Opening "Réti: Nimzovich-Larsen attack"]
[ECO "A06"]
[NIC "QP.09"]
[Time "14:15:18"]
[TimeControl "180+0"]

1. Nf3 d5 2. b3 Nf6 3. Bb2 c5 4. g3 Nc6 5. Bg2 e6 6. O-O Be7 7. d4 O-O 8.
Nbd2 cxd4 9. Nxd4 Nxd4 10. Bxd4 Bd7 11. c4 Bc6 12. cxd5 Bxd5 13. Nf3 a6 14.
Qd3 Be4 15. Qe3 Bg6 16. Rfd1 Qa5 17. Ne5 Rad8 18. Bxb7 Nd5 19. Qf3 Qb4 20.
Nxg6 hxg6 21. Bxa6 Nc7 22. Bc4 Rxd4 23. Rxd4 Bf6 24. Rad1 Bxd4 25. Rxd4 Qe1+
26. Kg2 Qa1 27. Rd2 Ne8 28. Qf4 Nf6 29. Qd4 Qb1 30. a4 Ne4 31. Bd3 Nxd2 32.
Bxb1 Nxb1 33. Qb2 {Black resigns} 1-0

[Event "ICC Open 2015"]
[Site "Internet Chess Club"]
[Date "2015.05.30"]
[Round "2"]
[White "Agilemaster"]
[Black "MaestroASK"]
[Result "0-1"]
[ICCResult "White resigns"]
[WhiteElo "2023"]
[BlackElo "2591"]
[Opening "King's pawn opening"]
[ECO "B07"]
[NIC "VO.17"]
[Time "14:15:05"]
[TimeControl "180+0"]

1. e4 d6 2. d4 g6 3. Nc3 c6 4. f4 d5 5. exd5 cxd5 6. Nf3 Nc6 7. Be3 h5 8.
Qd2 Bf5 9. Bd3 e6 10. Bxf5 gxf5 11. O-O Nf6 12. Ne5 Bb4 13. Qd3 Ne4 14. Nxe4
fxe4 15. Qb5 Qb6 16. Qxb6 axb6 17. a3 Bd6 18. Kf2 Rg8 19. Rg1 f6 20. Nxc6
bxc6 21. g3 Kd7 22. Rg2 c5 23. h3 Ra4 24. c3 e5 25. fxe5 fxe5 26. Rd1 exd4
27. cxd4 Ke6 28. g4 cxd4 29. Bxd4 Rxd4 30. Rxd4 Bc5 31. Ke3 Ke5 32. Rd2 hxg4
33. b4 Bxd4+ 34. Rxd4 gxh3 {White resigns} 0-1

[Event "ICC Open 2015"]
[Site "Internet Chess Club"]
[Date "2015.05.30"]
[Round "2"]
[White "jugador"]
[Black "obt"]
[Result "0-1"]
[ICCResult "White resigns"]
[WhiteElo "1684"]
[BlackElo "1986"]
[Opening "Ruy Lopez: classical defense, 4.c3"]
[ECO "C64"]
[NIC "RL.01"]
[Time "14:15:41"]
[TimeControl "180+0"]

1. e4 e5 2. Nf3 Nc6 3. Bb5 Bc5 4. c3 d6 5. d4 exd4 6. cxd4 Bb4+ 7. Bd2 Bxd2+
8. Nbxd2 Bd7 9. O-O Nge7 10. Rc1 O-O 11. Bd3 Ng6 12. Bb1 Rc8 13. d5 Nce7 14.
Nd4 f5 15. exf5 Nxf5 16. N2f3 Qf6 17. Nxf5 Bxf5 18. Bxf5 Qxf5 19. Nd4 Qxd5
20. Rc3 Nf4 21. Rg3 c5 22. Nf3 Qxd1 {White resigns} 0-1

[Event "ICC Open 2015"]
[Site "Internet Chess Club"]
[Date "2015.05.30"]
[Round "2"]
[White "oviwan68"]
[Black "MrsPiggy"]
[Result "1-0"]
[ICCResult "Black resigns"]
[WhiteElo "1951"]
[BlackElo "1392"]
[Opening "Philidor's defense"]
[ECO "C41"]
[NIC "KP.10"]
[Time "14:15:57"]
[TimeControl "180+0"]

1. e4 e5 2. Nf3 d6 3. Bc4 h6 4. O-O Bg4 5. h3 Bh5 6. c3 Nf6 7. d3 Be7 8.
Nbd2 O-O 9. b4 a6 10. Re1 b5 11. Bb3 c5 12. Nf1 Nc6 13. Ng3 Bg6 14. a3 Qd7
15. Nh4 Bh7 16. Nhf5 Bxf5 17. Nxf5 Bd8 18. Qf3 Ne7 19. Nxh6+ gxh6 20. Qxf6
Ng6 21. Qxg6+ Kh8 22. Qxh6+ Kg8 23. Re3 {Black resigns} 1-0

[Event "ICC Open 2015"]
[Site "Internet Chess Club"]
[Date "2015.05.30"]
[Round "2"]
[White "Neurisdr"]
[Black "OptimusMagister"]
[Result "1-0"]
[ICCResult "Black resigns"]
[WhiteElo "2929"]
[BlackElo "2272"]
[Opening "French: Tarrasch, Guimard main line"]
[ECO "C04"]
[NIC "FR.15"]
[Time "14:15:06"]
[TimeControl "180+0"]

1. e4 e6 2. d4 d5 3. Nd2 Nc6 4. Ngf3 Nf6 5. e5 Nd7 6. c3 f6 7. Bb5 a6 8. Ba4
b5 9. Bc2 fxe5 10. dxe5 Ndxe5 11. Nxe5 Nxe5 12. f4 Nf7 13. Nf3 Bd6 14. Be3
O-O 15. Qd3 g6 16. h4 e5 17. Qxd5 exf4 18. Qxa8 fxe3 19. O-O-O e2 20. Rde1
Re8 21. h5 g5 22. Nd4 Bf4+ 23. Kb1 Bg3 24. Rxe2 Rxe2 25. Nxe2 {Black
resigns} 1-0

[Event "ICC Open 2015"]
[Site "Internet Chess Club"]
[Date "2015.05.30"]
[Round "2"]
[White "NAS"]
[Black "unkavalo"]
[Result "0-1"]
[ICCResult "White resigns"]
[WhiteElo "1709"]
[BlackElo "2539"]
[Opening "Caro-Kann: Tartakower (Nimzovich) variation"]
[ECO "B15"]
[NIC "CK.06"]
[Time "14:15:56"]
[TimeControl "180+0"]

1. e4 c6 2. d4 d5 3. Nc3 dxe4 4. Nxe4 Nf6 5. Nxf6+ exf6 6. Be3 Bd6 7. Qd2
Be6 8. O-O-O Bxa2 9. Bd3 Bd5 10. Nf3 b5 11. h4 O-O 12. h5 Nd7 13. Bf4 Nb6
14. Bxd6 Qxd6 15. Nh4 Nc4 16. Bxc4 bxc4 17. Nf5 Qd7 18. Qf4 Be6 19. Ne3 h6
20. g4 a5 21. c3 a4 22. Rhg1 a3 23. bxa3 Rxa3 24. Nf5 Rxc3+ 25. Kd2 Rd3+ 26.
Ke2 Bxf5 27. gxf5 Re8+ {White resigns} 0-1

[Event "ICC Open 2015"]
[Site "Internet Chess Club"]
[Date "2015.05.30"]
[Round "2"]
[White "Satyricon"]
[Black "Jack-Daniels"]
[Result "0-1"]
[ICCResult "White resigns"]
[WhiteElo "2244"]
[BlackElo "2907"]
[Opening "King's Indian defense, 3.Nc3"]
[ECO "E61"]
[NIC "KI.80"]
[Time "14:16:17"]
[TimeControl "180+0"]

1. d4 Nf6 2. c4 g6 3. Nc3 Bg7 4. Nf3 O-O 5. g3 c5 6. Bg2 cxd4 7. Nxd4 Qc7 8.
b3 d5 9. Nxd5 Nxd5 10. Bxd5 e6 11. Bf3 Rd8 12. Bb2 e5 13. e3 exd4 14. exd4
Bh3 15. Qd2 Nc6 16. Bxc6 bxc6 17. O-O-O a5 18. Kb1 a4 19. b4 a3 20. Bc3 Be6
21. Qd3 Bf5 {White resigns} 0-1

[Event "ICC Open 2015"]
[Site "Internet Chess Club"]
[Date "2015.05.30"]
[Round "2"]
[White "Berke"]
[Black "hansvanperken"]
[Result "0-1"]
[ICCResult "White resigns"]
[WhiteElo "1475"]
[BlackElo "1838"]
[Opening "Four knights: Italian variation"]
[ECO "C47"]
[NIC "RG.01"]
[Time "14:16:34"]
[TimeControl "180+0"]

1. e4 e5 2. Nf3 Nf6 3. Nc3 Nc6 4. Bc4 Nxe4 5. Nxe4 d5 6. Bxd5 Qxd5 7. d3 Bg4
8. O-O O-O-O 9. Bd2 f5 10. Nc3 Bxf3 11. Qxf3 Qxf3 12. gxf3 Nd4 13. Kg2 Nxc2
14. Rac1 Nd4 15. Be3 Nc6 16. Nb5 a6 17. Nc3 f4 18. Bd2 Rxd3 19. Rfd1 Be7 20.
Ne4 Rhd8 21. Rc2 Nd4 22. Rxc7+ Kxc7 {White resigns} 0-1

[Event "ICC Open 2015"]
[Site "Internet Chess Club"]
[Date "2015.05.30"]
[Round "2"]
[White "santiagoelawad"]
[Black "DanielDelPaso"]
[Result "0-1"]
[ICCResult "White resigns"]
[WhiteElo "2053"]
[BlackElo "2674"]
[Opening "English: symmetrical, main line with d4"]
[ECO "A39"]
[NIC "EO.26"]
[Time "14:15:28"]
[TimeControl "180+0"]

1. c4 Nf6 2. Nc3 c5 3. Nf3 Nc6 4. g3 g6 5. Bg2 Bg7 6. O-O O-O 7. d4 cxd4 8.
Nxd4 a6 9. Nc2 Qc7 10. b3 d6 11. Bb2 Rb8 12. a4 Bd7 13. Ne3 Nb4 14. Ncd5
Nfxd5 15. Bxg7 Nxe3 16. Qd4 Nxf1 17. Bxf8 Rxf8 18. Qc3 Nc6 19. Kxf1 Be6 20.
Rd1 Ne5 21. Qd4 Rb8 22. f4 Ng4 23. h3 Nf6 24. e4 Qc5 25. Qxc5 dxc5 26. e5
Nd7 27. a5 b6 28. Bc6 Nf8 29. g4 bxa5 30. Rd3 Rxb3 {White resigns} 0-1

[Event "ICC Open 2015"]
[Site "Internet Chess Club"]
[Date "2015.05.30"]
[Round "2"]
[White "DANGEROUS-BEAST"]
[Black "Sibelephant"]
[Result "0-1"]
[ICCResult "White resigns"]
[WhiteElo "2374"]
[BlackElo "3178"]
[Opening "Benkö gambit accepted"]
[ECO "A58"]
[NIC "BI.45"]
[Time "14:16:39"]
[TimeControl "180+0"]

1. d4 Nf6 2. c4 c5 3. d5 b5 4. cxb5 a6 5. bxa6 g6 6. Nc3 Bg7 7. Nf3 O-O 8.
e4 Qa5 9. Bd3 Nxd5 10. O-O Nxc3 11. bxc3 Nxa6 12. Bg5 Re8 13. Bc4 Nc7 14.
Rc1 d6 15. h3 Be6 16. Bb3 c4 17. Bc2 Nb5 18. Re1 Nxc3 19. Qd2 Nxa2 20. Qf4
Nb4 {White resigns} 0-1

[Event "ICC Open 2015"]
[Site "Internet Chess Club"]
[Date "2015.05.30"]
[Round "2"]
[White "Parsifal"]
[Black "Steingrim89"]
[Result "1-0"]
[ICCResult "Black resigns"]
[WhiteElo "2410"]
[BlackElo "1615"]
[Opening "Trompowsky attack (Ruth, Opocenský opening)"]
[ECO "A45"]
[NIC "QP.07"]
[Time "14:15:08"]
[TimeControl "180+0"]

1. d4 Nf6 2. Bg5 g6 3. Bxf6 exf6 4. e3 Bg7 5. h4 d5 6. h5 O-O 7. Bd3 c5 8.
c3 Nc6 9. Qf3 c4 10. Bc2 Be6 11. Ne2 Qd7 12. Nf4 Bg4 13. Qxd5 Qxd5 14. Nxd5
Bxh5 15. f3 Rad8 16. Nf4 Bh6 17. Nxh5 gxh5 18. Kf2 Rd5 19. f4 Re8 20. Nd2 b5
21. Ne4 Bg7 22. Ng3 b4 23. Rxh5 Rxh5 24. Nxh5 a5 25. Ba4 Re6 26. d5 Rd6 27.
Bxc6 bxc3 28. bxc3 f5 29. Nxg7 Kxg7 30. Rb1 {Black resigns} 1-0

[Event "ICC Open 2015"]
[Site "Internet Chess Club"]
[Date "2015.05.30"]
[Round "2"]
[White "Hurricane"]
[Black "beaupre"]
[Result "0-1"]
[ICCResult "White resigns"]
[WhiteElo "1407"]
[BlackElo "1826"]
[Opening "Mieses opening"]
[ECO "A00"]
[NIC "VO.13"]
[Time "14:16:32"]
[TimeControl "180+0"]

1. d3 d5 2. g3 e5 3. Bg2 Nf6 4. Nf3 c6 5. Nxe5 Nbd7 6. Nf3 Bc5 7. O-O O-O 8.
Nbd2 Nb6 9. c3 Bd7 10. b4 Bd6 11. Bb2 Re8 12. a4 a5 13. b5 cxb5 14. axb5
Bxb5 15. c4 dxc4 16. dxc4 Bxc4 17. Nxc4 Nxc4 18. Bxf6 Qxf6 19. Nd4 Rab8 20.
Nb5 Be5 21. Rb1 b6 22. Kh1 h6 23. f4 Bc3 24. Qb3 Nd2 25. Qxc3 Nxf1 26. Qxf6
Nxg3+ 27. hxg3 gxf6 28. Nd6 Rxe2 29. Bf3 Re3 30. Bd5 Rd8 31. Bxf7+ Kg7 32.
Rb5 Rxd6 {White resigns} 0-1

[Event "ICC Open 2015"]
[Site "Internet Chess Club"]
[Date "2015.05.30"]
[Round "2"]
[White "Gruble"]
[Black "Womacka"]
[Result "0-1"]
[ICCResult "White resigns"]
[WhiteElo "1797"]
[BlackElo "2446"]
[Opening "Sicilian: Najdorf"]
[ECO "B90"]
[NIC "SI.14"]
[Time "14:15:20"]
[TimeControl "180+0"]

1. e4 c5 2. Nf3 d6 3. d4 cxd4 4. Nxd4 Nf6 5. Nc3 a6 6. f3 e5 7. Nb3 Be6 8.
Be3 Be7 9. Qd2 O-O 10. O-O-O Nbd7 11. g4 Qc7 12. h4 Rfc8 13. h5 b5 14. g5 b4
15. Na4 Ne8 16. g6 Nef6 17. h6 fxg6 18. hxg7 d5 19. Bd3 d4 20. Bg5 Bc4 21.
Kb1 Bxd3 22. cxd3 Qc6 23. Bxf6 Nxf6 24. Nac5 Bxc5 25. Rc1 Qd6 26. Nxc5 Rxc5
27. Qg5 Rac8 28. Rxc5 Rxc5 {White resigns} 0-1

[Event "ICC Open 2015"]
[Site "Internet Chess Club"]
[Date "2015.05.30"]
[Round "2"]
[White "terminado"]
[Black "JW"]
[Result "0-1"]
[ICCResult "White resigns"]
[WhiteElo "1801"]
[BlackElo "2493"]
[Opening "Réti: King's Indian attack, French variation"]
[ECO "B40"]
[NIC "SI.43"]
[Time "14:16:31"]
[TimeControl "180+0"]

1. e4 c5 2. Nf3 e6 3. d3 Nc6 4. Nbd2 d5 5. g3 Nf6 6. Bg2 Be7 7. O-O O-O 8.
Re1 Rb8 9. Qe2 b5 10. e5 Nd7 11. Nf1 a5 12. h4 a4 13. a3 b4 14. Bf4 bxa3 15.
bxa3 Ba6 16. Reb1 c4 17. d4 Qa5 18. Qd2 c3 19. Qc1 Rxb1 20. Rxb1 Rb8 21.
Rxb8+ Ndxb8 22. Ne3 Qb6 23. Ng5 Qxd4 24. Nf3 Qc5 25. Ng4 Qxa3 26. Qe3 Qc5
27. Qe1 a3 28. Qa1 Qb4 29. Bc1 Bc4 30. h5 a2 31. h6 Qb1 32. Qxc3 Qxc1+ 33.
Kh2 a1=Q {White resigns} 0-1

[Event "ICC Open 2015"]
[Site "Internet Chess Club"]
[Date "2015.05.30"]
[Round "2"]
[White "hubbard"]
[Black "paulohaddad"]
[Result "0-1"]
[ICCResult "White resigns"]
[WhiteElo "1390"]
[BlackElo "1815"]
[Opening "Queen's pawn, Mason variation"]
[ECO "D00"]
[NIC "QP.08"]
[Time "14:15:10"]
[TimeControl "180+0"]

1. d4 d5 2. Bf4 e6 3. e3 Bd6 4. Bg3 c5 5. Nf3 Nc6 6. c3 Nf6 7. Ne5 Qc7 8. f4
Ne4 9. Nd2 cxd4 10. exd4 O-O 11. Nxe4 dxe4 12. Qb1 f5 13. Be2 Bxe5 14. dxe5
Ne7 15. O-O Nd5 16. c4 Ne3 17. Rc1 Bd7 18. Bf2 Ng4 19. Bxg4 fxg4 20. Qxe4
Bc6 21. Qe2 h5 {White resigns} 0-1

[Event "ICC Open 2015"]
[Site "Internet Chess Club"]
[Date "2015.05.30"]
[Round "2"]
[White "garompon"]
[Black "Giantvin"]
[Result "1-0"]
[ICCResult "Black resigns"]
[WhiteElo "2556"]
[BlackElo "1993"]
[Opening "Scotch: Göring gambit"]
[ECO "C44"]
[NIC "SO.06"]
[Time "14:15:10"]
[TimeControl "180+0"]

1. e4 e5 2. Nf3 Nc6 3. d4 exd4 4. c3 d5 5. exd5 Qxd5 6. cxd4 Bg4 7. Be2 Bb4+
8. Nc3 Bxf3 9. Bxf3 Qc4 10. Bxc6+ bxc6 11. Qb3 Qxb3 12. axb3 Ne7 13. O-O
Bxc3 14. bxc3 Kd7 15. Ra3 Nd5 16. Bd2 Rhe8 17. Re1 Rxe1+ 18. Bxe1 Kc8 19.
Kf1 Kb7 20. Ra2 Re8 21. Re2 Rxe2 22. Kxe2 Kc8 23. Bd2 Kd7 24. Kd3 a6 25. c4
Ne7 26. g4 g6 27. f3 f5 28. Bg5 Nc8 29. Kc3 Nd6 30. Bf4 Ke6 31. Bxd6 cxd6
32. Kb4 fxg4 33. fxg4 Kf6 34. Ka5 Kg5 35. Kb6 Kxg4 36. Kxc6 Kh3 37. c5 dxc5
38. d5 {Black resigns} 1-0

[Event "ICC Open 2015"]
[Site "Internet Chess Club"]
[Date "2015.05.30"]
[Round "2"]
[White "yaguaro"]
[Black "saya"]
[Result "0-1"]
[ICCResult "White resigns"]
[WhiteElo "1989"]
[BlackElo "2529"]
[Opening "Benko's opening"]
[ECO "A00"]
[NIC "VO.09"]
[Time "14:16:43"]
[TimeControl "180+0"]

1. g3 d5 2. Bg2 c6 3. d3 Nf6 4. Nd2 Bg4 5. h3 Bh5 6. Ngf3 Nbd7 7. e4 e5 8.
O-O dxe4 9. Nxe4 Nxe4 10. dxe4 Bc5 11. Qe2 O-O 12. Be3 Bxe3 13. Qxe3 Bxf3
14. Qxf3 Qb6 15. b3 Rad8 16. Rad1 Nc5 17. a4 Ne6 18. Rxd8 Rxd8 19. Rd1 Nd4
20. Qe3 g6 21. c3 Qxb3 22. cxd4 Qxd1+ 23. Kh2 Qxd4 24. Qg5 Kg7 25. h4 h6 26.
Qe7 Rd7 27. Qe8 Rd8 28. Qe7 b5 29. axb5 cxb5 30. h5 g5 31. Qb7 b4 32. Bh3
Qxf2+ 33. Bg2 Rd2 {White resigns} 0-1

[Event "ICC Open 2015"]
[Site "Internet Chess Club"]
[Date "2015.05.30"]
[Round "2"]
[White "Much-Acclaimed"]
[Black "jps7"]
[Result "1-0"]
[ICCResult "Black resigns"]
[WhiteElo "1950"]
[BlackElo "1578"]
[Opening "English opening"]
[ECO "A13"]
[NIC "EO.64"]
[Time "14:14:58"]
[TimeControl "180+0"]

1. c4 e6 2. g3 d6 3. Bg2 g6 4. Nf3 Bg7 5. O-O Ne7 6. Nc3 b6 7. d4 Bb7 8. e4
Nd7 9. Be3 O-O 10. Qd2 f5 11. Ng5 Rf6 12. e5 Bxg2 13. exf6 Bxf1 14. fxe7
Qxe7 15. Rxf1 e5 16. Nd5 Qd8 17. Ne6 Qc8 18. Ne7+ Kf7 19. Nxc8 Kxe6 20. Nxd6
cxd6 21. d5+ Ke7 22. f4 e4 23. Bd4 Bxd4+ 24. Qxd4 Nf6 25. b4 Rc8 26. Rc1 Kf7
27. c5 dxc5 28. bxc5 Rd8 29. d6 bxc5 30. Rxc5 Ne8 31. Rc7+ Kg8 32. d7 Nxc7
33. Qc4+ Kf8 34. Qxc7 Ke7 35. Qxa7 Rxd7 36. Qa3+ Ke6 37. Qb3+ Ke7 38. a4 Rd3
39. Qb4+ Ke6 40. a5 e3 41. Qc4+ Rd5 42. a6 Kd6 43. Qxd5+ Kxd5 44. a7 e2 45.
Kf2 Kd4 46. Kxe2 Kc5 47. a8=Q {Black resigns} 1-0

[Event "ICC Open 2015"]
[Site "Internet Chess Club"]
[Date "2015.05.30"]
[Round "2"]
[White "chiprodigy"]
[Black "Borknagar"]
[Result "0-1"]
[ICCResult "White forfeits on time"]
[WhiteElo "1683"]
[BlackElo "1972"]
[Opening "Scandinavian: Pytel-Wade variation"]
[ECO "B01"]
[NIC "SD.02"]
[Time "14:15:16"]
[TimeControl "180+0"]

1. e4 d5 2. exd5 Qxd5 3. Nc3 Qd6 4. d4 c6 5. Bc4 Nf6 6. Nge2 Bf5 7. O-O e6
8. Bf4 Qb4 9. Bb3 Be7 10. Ng3 Bg6 11. Re1 O-O 12. Qd2 Nbd7 13. Rad1 Rfe8 14.
h4 h6 15. h5 Bh7 16. a3 Qa5 17. Bxh6 Nxh5 18. Nxh5 Qxh5 19. Bxg7 Kxg7 20.
Re3 Bf5 21. Rg3+ Kf8 22. Ne2 Bg5 23. Rxg5 Qh7 24. Ng3 Bg6 25. Re1 Nf6 26.
Qf4 Nd5 27. Bxd5 cxd5 28. c4 dxc4 29. d5 exd5 30. Qd6+ Kg8 31. Nf5 Kh8 32.
Rxe8+ Rxe8 33. Qxd5 Bxf5 {White forfeits on time} 0-1

[Event "ICC Open 2015"]
[Site "Internet Chess Club"]
[Date "2015.05.30"]
[Round "2"]
[White "FytinFrank"]
[Black "Lightlike"]
[Result "0-1"]
[ICCResult "White checkmated"]
[WhiteElo "2035"]
[BlackElo "2647"]
[Opening "French defense"]
[ECO "C00"]
[NIC "FR.01"]
[Time "14:15:37"]
[TimeControl "180+0"]

1. e4 e6 2. Nc3 d5 3. g3 Nf6 4. Bg2 Be7 5. Nge2 O-O 6. O-O d4 7. Nb1 c5 8.
d3 Nc6 9. Nd2 Qc7 10. a4 Nd7 11. h3 a6 12. Nc4 Nb6 13. Bf4 e5 14. Nxb6 Qxb6
15. Bd2 Qxb2 16. f4 Qb6 17. f5 c4 18. f6 Bxf6 19. Rxf6 gxf6 20. g4 Kh8 21.
Ng3 Rg8 22. Qf3 Ne7 23. a5 Qd6 24. Rb1 c3 25. Bc1 Nc6 26. Ba3 Qxa3 27. Qxf6+
Rg7 28. Nh5 Qf8 29. g5 Kg8 30. h4 Bg4 31. Rxb7 Bxh5 32. Qxc6 Rg6 33. Qd5 Bd1
34. Bh3 Bxc2 35. Bf5 Bxd3 36. Bxg6 hxg6 37. Rxf7 Qxf7 38. Qxa8+ Kh7 39. Qc8
c2 40. Kh2 Bxe4 41. h5 gxh5 42. Qxa6 c1=Q 43. Qh6+ Kg8 44. g6 Qf2+ 45. Kh3
Qh1# {White checkmated} 0-1

[Event "ICC Open 2015"]
[Site "Internet Chess Club"]
[Date "2015.05.30"]
[Round "2"]
[White "Iandmyself"]
[Black "Schack"]
[Result "1-0"]
[ICCResult "Black resigns"]
[WhiteElo "2518"]
[BlackElo "1634"]
[Opening "French: Tarrasch, closed variation"]
[ECO "C05"]
[NIC "FR.16"]
[Time "14:16:40"]
[TimeControl "180+0"]

1. e4 e6 2. d4 d5 3. Nd2 Nf6 4. e5 Nfd7 5. f4 c5 6. Ndf3 Nc6 7. c3 cxd4 8.
cxd4 Bb4+ 9. Kf2 Qb6 10. Bd3 Nxd4 11. Nxd4 Qxd4+ 12. Be3 Qxb2+ 13. Ne2 Qa3
14. Nd4 Bc5 15. Re1 O-O 16. Kg1 f6 17. Nxe6 Bxe3+ 18. Rxe3 Rf7 19. Bxh7+
Kxh7 20. Qh5+ Kg8 21. Rxa3 {Black resigns} 1-0